 Dungeon Crawl Stone Soup version 0.31-a0-841-g038b102fc3 (webtiles) character file.

Game seed: 17093818813315086867

1354 croobank the Ruffian (level 8, -5/59 (61) HPs)
             Began as a Gnoll Shapeshifter on Sept 27, 2023.
             Slain by a wight
             ... wielding a +3 flail
              (10 damage)
             ... on level 6 of the Dungeon.
             The game lasted 00:11:42 (5326 turns).

croobank the Ruffian (Gnoll Shapeshifter)           Turns: 5326, Time: 00:11:43

HP:   -5/59 (61)    AC:  2    Str: 14    XL:     8   Next: 63%
MP:   0/13          EV: 14    Int: 11    God:
Gold: 316           SH:  0    Dex: 12    Spells: 13/14 levels left

rFire   + .          .
                       - Unarmed
rCold   . . .        (no shield)
rNeg    . . .        a - +0 animal skin
rPois   .            (helmet currently unavailable)
rElec   .            (cloak currently unavailable)
rCorr   .            (gloves currently unavailable)
SInv    .            (boots currently unavailable)
Will    .....        t - amulet of guardian spirit
Stlth   ++           u - ring of protection from fire
HPRegen 0.29/turn    (no ring)
MPRegen 0.13/turn

%: guardian spirit
@: beast-form, on berserk cooldown, attractive, slowed, lightly drained, very
slow
A: beast (slay +4), fangs 1, strong nose, distributed training
a: Begin Untransformation


You were on level 6 of the Dungeon.
You were a hulking beast.
You visited 1 branch of the dungeon, and saw 6 of its levels.
You also visited: Sewer.

You collected 316 gold pieces.

Inventory:

Hand Weapons
 e - a +2 dagger of holy wrath
 f - a +0 sling
 l - a +0 morningstar
 q - a +0 long sword
 y - a +2 dagger of flaming
Missiles
 b - 10 poisoned darts
 h - 3 boomerangs (quivered)
Armour
 a - a +0 animal skin (worn)
 j - a +0 helmet
 n - a +0 pair of gloves
 p - a +0 cloak
Jewellery
 t - an amulet of guardian spirit (around neck)
 u - a ring of protection from fire (left hand)
 B - an amulet of regeneration
Talismans
 c - a beast talisman (active)
 d - a flux talisman
 x - a blade talisman
Scrolls
 s - 3 scrolls of identify
 v - a scroll of teleportation
 z - a scroll of fear
Potions
 g - 4 potions of curing
 i - a potion of brilliance
 k - 3 potions of ambrosia
 m - a potion of degeneration
 o - a potion of resistance {unknown}
 r - a potion of mutation {unknown}
 w - 3 potions of enlightenment {unknown}
 A - 2 potions of attraction
 C - a potion of berserk rage


   Skills:
 + Level 4.4 Fighting
 + Level 3.5 Short Blades
 + Level 3.5 Long Blades
 + Level 3.5 Axes
 + Level 3.5 Maces & Flails
 + Level 3.5 Polearms
 + Level 3.5 Staves
 + Level 3.5 Ranged Weapons
 + Level 3.5 Throwing
 + Level 3.5 Armour
 + Level 5.8 Dodging
 + Level 3.5 Stealth
 + Level 3.5 Shields
 + Level 7.5 Unarmed Combat
 + Level 3.5 Spellcasting
 + Level 2.9 Conjurations
 + Level 2.9 Hexes
 + Level 2.9 Summonings
 + Level 2.9 Necromancy
 + Level 2.9 Translocations
 + Level 2.9 Transmutations
 + Level 2.9 Fire Magic
 + Level 2.9 Ice Magic
 + Level 2.9 Air Magic
 + Level 2.9 Earth Magic
 + Level 2.9 Poison Magic
 + Level 3.9 Invocations
 + Level 3.5 Evocations
 + Level 7.3 Shapeshifting


You had 13 spell levels left.
You knew the following spells:

 Your Spells              Type           Power      Damage    Failure   Level
a - Slow                  Hex            32%        N/A       8%          1

Your spell library contained the following spells:

 Spells                   Type           Power      Damage    Failure   Level
 Freeze                   Ice            32%        1d5       8%          1
 Sandblast                Erth           16%        2d6       8%          1
 Passwall                 Tmut/Erth      6%         N/A       12%         2
 Sublimation of Blood     Necr           8%         N/A       12%         2
 Confusing Touch          Hex            8%         N/A       22%         3
 Frozen Ramparts          Ice            16%        1d3       22%         3
 Mephitic Cloud           Conj/Pois/Air  8%         N/A       22%         3
 Sigil of Binding         Hex            8%         N/A       22%         3
 Stone Arrow              Conj/Erth      16%        3d8       22%         3
 Vampiric Draining        Necr           8%         2d6       22%         3
 Volatile Blastmotes      Fire/Tloc      16%        2d11      22%         3
 Animate Armour           Summ/Erth      16%        N/A       58%         4
 Brom's Barrelling Bould  Conj/Erth      8%         2d3       58%         4
 Fulminant Prism          Conj/Hex       4%         3d5       58%         4
 Iskenderun's Mystic Bla  Conj/Tloc      8%         2d4       58%         4
 Petrify                  Tmut/Erth      8%         N/A       58%         4
 Irradiate                Conj/Tmut      4%         3d13      91%         5
 Malign Gateway           Summ/Tloc      4%         N/A       100%        7
 Monstrous Menagerie      Summ           4%         N/A       100%        7


Dungeon Overview and Level Annotations

Branches:
Dungeon (6/15)              Sewer (visited)
 Temple: D:4-7

Altars:
Ashenzari
Kikubaaqudgha

Shops:
D:3 :


Innate Abilities, Weirdness & Mutations

You are a hulking beast.
Your limbs bulge with bestial killing power. (Slay +4)
You have very sharp teeth.
Your uncanny sense of smell can sniff out nearby items.
Your experience applies equally to all skills.


Message History

The wight hits you with a +0 mace.
* * * LOW HITPOINT WARNING * * *
You feel drained.
* * * LOW HITPOINT WARNING * * *
Things that are here:
a +0 mace; a +0 robe You punch the wight!
You destroy the wight!
A wight comes into view.
It is wielding a +4 short sword of freezing.
Your life force feels restored.
Things that are here:
a +0 mace; a +0 robe 2 wights come into view.
Found 3 scrolls labelled YROUHU JEURHY.
Found a stone staircase leading down.
You feel a strong urge to attack something.
The wight barely misses you.
You see here a potion of brilliance.
You punch the wight!
The wight is heavily damaged.
You punch the wight!
You destroy the wight!
Things that are here:
a +0 mace; a +0 robe You feel a strong urge to attack something.
You are no longer berserk.
You are exhausted.
You feel yourself slow down.
Things that are here:
a +0 mace; a +0 robe The wight attacks as it pursues you!
The wight hits you with a +3 flail!
* * * LOW HITPOINT WARNING * * *
The wight barely misses you. The wight attacks as it pursues you!
The wight hits you with a +3 flail.
* * * LOW HITPOINT WARNING * * *
You feel drained.
* * * LOW HITPOINT WARNING * * *
It was a potion of attraction.
You feel attractive to monsters. The wight hits you with a +3 flail!
You die...

#.### #...#
######'''###### ∆
#...'.....'...#
#._.'.###.'._.#
#...'.....'...########
######'''######..))!)#
#...######.####.#
##....hzz..# .#
#########.# z# #.# .#
#.# .. #.# .. #.# >.
#.# ∆ #.#∆ #.# ∆


You could see 2 wights.

Vanquished Creatures
  2 water moccasins
  2 ogres
  A phantom (D:5)
  2 scorpions
  3 wights (D:6)
  3 hounds
  2 jellies
  4 orc priests
  4 iguanas
  2 sleepcaps
  An orc wizard (D:2)
  4 gnolls
  4 adders
  An ufetubus (D:4)
  A worm (D:3)
  A dart slug (D:4)
  15 orcs
  6 ball pythons
  7 bats
  5 endoplasms
  3 giant cockroaches
  4 goblins
  11 hobgoblins
  6 jackals (D:1)
  3 quokkas
  5 frilled lizards
  5 kobolds
  6 rats
113 creatures vanquished.

Notes
Turn   | Place    | Note
-------+----------+-------------------------------------------
     0 | D:1      | croobank the Gnoll Shapeshifter began the quest for the
                  | Orb.
     0 | D:1      | Reached XP level 1. HP: 17/17 MP: 1/1
   228 | D:1      | Reached XP level 2. HP: 22/23 MP: 2/2
   659 | D:1      | Reached XP level 3. HP: 25/28 MP: 3/3
   927 | D:2      | Reached skill level 1 in Invocations
   942 | D:1      | Reached skill level 1 in Short Blades
   942 | D:1      | Reached skill level 1 in Long Blades
   942 | D:1      | Reached skill level 1 in Axes
   942 | D:1      | Reached skill level 1 in Maces & Flails
   942 | D:1      | Reached skill level 1 in Polearms
   942 | D:1      | Reached skill level 1 in Staves
   942 | D:1      | Reached skill level 1 in Ranged Weapons
   942 | D:1      | Reached skill level 1 in Throwing
   942 | D:1      | Reached skill level 1 in Armour
   942 | D:1      | Reached skill level 1 in Stealth
   942 | D:1      | Reached skill level 1 in Shields
   942 | D:1      | Reached skill level 1 in Spellcasting
   942 | D:1      | Reached skill level 1 in Evocations
  1044 | D:1      | Reached XP level 4. HP: 25/34 MP: 5/5
  1604 | D:2      | Reached skill level 1 in Conjurations
  1604 | D:2      | Reached skill level 1 in Hexes
  1604 | D:2      | Reached skill level 1 in Summonings
  1604 | D:2      | Reached skill level 1 in Necromancy
  1604 | D:2      | Reached skill level 1 in Translocations
  1604 | D:2      | Reached skill level 1 in Transmutations
  1604 | D:2      | Reached skill level 1 in Fire Magic
  1604 | D:2      | Reached skill level 1 in Ice Magic
  1604 | D:2      | Reached skill level 1 in Air Magic
  1604 | D:2      | Reached skill level 1 in Earth Magic
  1604 | D:2      | Reached skill level 1 in Poison Magic
  1608 | D:2      | Reached XP level 5. HP: 12/40 MP: 5/7
  2155 | D:3      | Found Weid's Book Boutique.
  2339 | D:3      | Got a rare book
  2851 | D:4      | Reached XP level 6. HP: 29/47 MP: 5/8
  3035 | D:4      | Reached skill level 5 in Dodging
  3459 | D:4      | Reached XP level 7. HP: 43/52 MP: 8/10
  3932 | D:5      | Entered Level 5 of the Dungeon
  4522 | D:5      | Reached XP level 8. HP: 45/60 MP: 9/12
  4963 | D:6      | Got a tattered book
  4974 | D:6      | Found a glowing drain.
  4978 | Sewer    | Entered a sewer
  5271 | D:6      | Found an ancient bone altar of Kikubaaqudgha.
  5280 | D:6      | Found a broken altar of Ashenzari.
  5296 | D:6      | Learned a level 1 spell: Slow
  5326 | D:6      | Slain by a wight

Illustrated notes

Levels and vault maps discovered:
D:1:      ncdulo_watergridlock, layout_loops_corners, kennysheep_pointless_box
D:2:      cheibrodos_pilgrimage, layout_basic, minmay_surrounded
D:3:      layout_loops_ring, serial_shops, nicolae_shop_window_shopping
D:4:      layout_gridville
D:5:      layout_loops_cross, reono_crystal_passage
D:6:      layout_loops_ring, tgw_trog, mainiacjoe_overflow_big_doors,
          gup_sewer_entry_bowl, grunt_decor_junction, hangedman_decor_lopped,
          uniq_grinder

Skill      XL: |  1  2  3  4  5  6  7  8 |
---------------+-------------------------+-----
Invocations    | 1 2 3 |  3.9
Short Blades   | 1 2 3 |  3.5
Long Blades    | 1 2 3 |  3.5
Axes           | 1 2 3 |  3.5
Maces & Flails | 1 2 3 |  3.5
Polearms       | 1 2 3 |  3.5
Staves         | 1 2 3 |  3.5
Ranged Weapons | 1 2 3 |  3.5
Throwing       | 1 2 3 |  3.5
Armour         | 1 2 3 |  3.5
Stealth        | 1 2 3 |  3.5
Shields        | 1 2 3 |  3.5
Spellcasting   | 1 2 3 |  3.5
Evocations     | 1 2 3 |  3.5
Conjurations   | 1 2 |  2.9
Hexes          | 1 2 |  2.9
Summonings     | 1 2 |  2.9
Necromancy     | 1 2 |  2.9
Translocations | 1 2 |  2.9
Transmutations | 1 2 |  2.9
Fire Magic     | 1 2 |  2.9
Ice Magic      | 1 2 |  2.9
Air Magic      | 1 2 |  2.9
Earth Magic    | 1 2 |  2.9
Poison Magic   | 1 2 |  2.9
Fighting       | 3 4 |  4.4
Dodging        | 5 |  5.8
Unarmed Combat | 7 |  7.5
Shapeshifting  | 7 |  7.3

Action                     |  1- 3 |  4- 6 |  7- 9 || total
---------------------------+-------+-------+-------++-------
  Melee: Unarmed           |    56 |   129 |   108 ||   293
         Bite              |     3 |    11 |    13 ||    27
         Punch             |     2 |     3 |     4 ||     9
  Throw: Boomerang         |       |       |     4 ||     4
   Cast: Slow              |       |       |     3 ||     3
    Use: Scroll            |       |     8 |     2 ||    10
         Potion            |       |     1 |     2 ||     3
   Stab: Sleeping          |     1 |     1 |     1 ||     3
 Armour: Animal skin       |    24 |    59 |    50 ||   133
         Skin              |       |     2 |       ||     2
  Dodge: Dodged            |    45 |    70 |    62 ||   177

Table legend: (Time is in decaauts)
 A = Elapsed time spent in this place.
 B = Non-inter-level travel time spent in this place.
 C = Inter-level travel time spent in this place.
 D = Time resting spent in this place.
 E = Time spent auto-exploring this place.
 F = Levels seen in this place.
 G = Mean time per level.
                   A        B        C        D        E       F      G
               +--------+--------+--------+--------+--------+-----+--------+
         Total |   5299 |   5079 |    220 |    802 |   3355 |   7 |  757.0 |
       Dungeon |   5096 |   4876 |    220 |    685 |   3343 |   6 |  849.3 |
         Sewer |    202 |    202 |      0 |    117 |     12 |   1 |  202.0 |
               +--------+--------+--------+--------+--------+-----+--------+

Top non-repeatable levels by time:
     D:4: 1199 daAuts
     D:1: 1069 daAuts
     D:5: 963 daAuts
     D:2: 938 daAuts
     D:3: 742 daAuts
   Sewer: 202 daAuts
     D:6: 183 daAuts
